 Dungeon Crawl Stone Soup version 0.32-a0-711-g016ad743e0 (webtiles) character file.

Game seed: 1006304683179305431

150 IdlyInterested the Slasher (level 5, 0/38 HPs)
             Began as a Demonspawn Gladiator on Mar 15, 2024.
             Slain by an orc wizard
             ... wielding a +0 dagger
              (1 damage)
             ... on level 3 of the Dungeon.
             The game lasted 00:06:03 (1745 turns).

IdlyInterested the Slasher (Demonspawn Gladiator)   Turns: 1745, Time: 00:06:03

Health: 0/38       AC:  6    Str: 14    XL:     5   Next: 10%
Magic:  5/5        EV: 10    Int:  9    God:
Gold:   91         SH:  0    Dex: 16    Spells: 4/4 levels left

rFire   . . .        a - +0 long sword
rCold   . . .        (no shield)
rNeg    . . .        s - +0 ring mail
rPois   .            c - +0 helmet
rElec   .            (no cloak)
rCorr   .            (no gloves)
SInv    .            (no boots)
Will    .....        (no amulet) Stlth
                     (no ring)
HPRegen 0.26/turn    (no ring)
MPRegen 0.18/turn

%: no passive effects
@: confused
A: hooves 1, large bone plates 1, magic regeneration
a: no special abilities


You were on level 3 of the Dungeon.
You visited 1 branch of the dungeon, and saw 3 of its levels.

You collected 91 gold pieces.

Inventory:

Hand Weapons
 a - a +0 long sword (weapon)
 q - a +1 dagger of protection
 t - a +0 long sword
 w - a +0 rapier
Missiles
 d - 3 throwing nets
 e - a javelin
 g - 36 stones (quivered)
 j - 6 poisoned darts
 n - 4 silver javelins
Armour
 b - a +0 leather armour
 c - a +0 helmet (worn)
 s - a +0 ring mail (worn)
 v - a +0 scale mail
Scrolls
 h - a scroll of noise
 i - 2 scrolls of poison
 l - a scroll of teleportation
 m - a scroll of silence {unknown}
 p - a scroll of acquirement
 r - a scroll of fog {unknown}
 u - a scroll of immolation
Potions
 f - a potion of magic {unknown}
 k - a potion of heal wounds {unknown}
 o - a potion of attraction {unknown}


   Skills:
 - Level 2.0 Fighting
 + Level 4.5 Long Blades
 - Level 2.0 Throwing
 - Level 2.0 Armour
 - Level 2.6 Dodging
 + Level 1.1 Stealth


You had 4 spell levels left.
You didn't know any spells.
Your spell library was empty.

Dungeon Overview and Level Annotations

Branches:
Dungeon (3/15)

Altars:
Trog


Innate Abilities, Weirdness & Mutations

You have large cloven feet.
You are partially covered in large bone plates. (SH +4)
You regenerate magic rapidly.


Message History

You miss something. Your kick misses something. Something hits you.
You barely miss something. Your kick misses something.
Something hits you but does no damage.
You miss something. Something hits you but does no damage. Something hits you.
You barely miss something. Your kick misses something. Something hits you.
You barely miss something. Your kick misses something.
Something hits you but does no damage.
You closely miss something. Your kick misses something.
Something barely misses you.
You closely miss something. Your kick misses something.
Something hits you but does no damage.
You miss something. Your kick misses something.
Something hits you but does no damage. Something hits you.
You barely miss something. Your kick misses something.
You hear some strange, mumbled words.
A puff of flame appears from out of thin air!
The puff of flame hits you.
You barely miss something. Something hits you.
* * * LOW HITPOINT WARNING * * *
You closely miss something. You kick something.
Something hits you but does no damage.
You barely miss something. Your kick misses something.
You hear some strange, mumbled words.
You are confused.
You miss something. Your kick misses something.
You hear some strange, mumbled words.
A magic dart appears from out of thin air!
The magic dart hits you.
* * * LOW HITPOINT WARNING * * *
Something hits you but does no damage.
You hit something. Something hits you.
* * * LOW HITPOINT WARNING * * *
You bump into the rock wall.
You hear some strange, mumbled words.
A magic dart appears from out of thin air!
The magic dart hits you.
* * * LOW HITPOINT WARNING * * *
You bump into the rock wall.
Something hits you but does no damage.
You bump into the rock wall.
Something hits you.
You die...

...........# # # ####....#.## #
#.### #..........# # #.#..
#..........# #
#.#.#####..........# #
#.......###.....#.######
.....................[..
###.###)###.....##...###
#..goo{@##########...#
########.#.#####.........÷..#
.......o.#................#####
.###...........................


#..?PPPP..PPPP.._.)PPPP..PPP ##.................†........
############..........###.. .............# #.. ###..........# #.. You could see
2 orcs and a hobgoblin.

Vanquished Creatures
  An ice beast (D:3)
  An adder (D:2)
  2 dart slugs
  5 orcs (D:3)
  3 ball pythons
  4 bats
  3 endoplasms
  3 giant cockroaches
  6 goblins
  3 hobgoblins
  2 jackals (D:1)
  2 frilled lizards
  3 kobolds
  2 rats
40 creatures vanquished.

Notes
Turn   | Place    | Note
-------+----------+-------------------------------------------
     0 | D:1      | IdlyInterested the Demonspawn Gladiator began the quest for
                  | the Orb.
     0 | D:1      | Reached XP level 1. HP: 16/16 MP: 1/1
   354 | D:1      | Reached skill level 3 in Long Blades
   354 | D:1      | Reached skill level 1 in Stealth
   356 | D:1      | Gained mutation: You regenerate magic rapidly. [demonic
                  | ancestry]
   356 | D:1      | Reached XP level 2. HP: 2/22 MP: 2/2
   953 | D:2      | Gained mutation: You are partially covered in large bone
                  | plates. (SH +4) [demonic ancestry]
   953 | D:2      | Reached XP level 3. HP: 12/27 MP: 3/3
  1052 | D:2      | Reached skill level 1 in Armour
  1476 | D:3      | Identified a scroll of acquirement
  1476 | D:3      | Found a bloodstained altar of Trog.
  1539 | D:3      | Noticed an ice beast
  1556 | D:3      | Killed an ice beast
  1557 | D:3      | Reached skill level 4 in Long Blades
  1557 | D:3      | Reached XP level 4. HP: 33/33 MP: 4/4
  1557 | D:3      | Gained mutation: You have large cloven feet. [demonic
                  | ancestry]
  1557 | D:3      | Reached XP level 5. HP: 38/38 MP: 5/5
  1743 | D:3      | HP: 1/38 [something/magic dart (2)]
  1745 | D:3      | Slain by an orc wizard

Illustrated notes

Levels and vault maps discovered:
D:1:      minmay_arrival_solitary_statue, layout_loops_ring, minmay_tromino_v4_c
D:2:      layout_rooms
D:3:      layout_basic, mainiacjoe_overflow_boulevard,
          hellmonk_ecumenical_altar_lost_god, chequers_serial_rivers_small_3,
          minmay_cupped

Skill      XL: |  1  2  3 |
---------------+----------+-----
Long Blades    | 3 4 |  4.5
Stealth        | 1 |  1.1
Armour         | 2 |  2.0
Throwing       | 2 |  2.0
Fighting       | |  2.0
Dodging        | |  2.6

Action                     |  1- 3 |  4- 6 || total
---------------------------+-------+-------++-------
  Melee: Long sword        |   136 |    33 ||   169
         Kick              |       |     2 ||     2
  Throw: Dart              |     6 |       ||     6
    Use: Scroll            |     5 |       ||     5
   Stab: Sleeping          |     1 |       ||     1
 Armour: Leather armour    |    89 |       ||    89
         Ring mail         |    24 |    33 ||    57
  Dodge: Dodged            |    90 |    12 ||   102
  Block: Other             |    11 |     5 ||    16

Table legend: (Time is in decaauts)
 A = Elapsed time spent in this place.
 B = Non-inter-level travel time spent in this place.
 C = Inter-level travel time spent in this place.
 D = Time resting spent in this place.
 E = Time spent auto-exploring this place.
 F = Levels seen in this place.
 G = Mean time per level.
                   A        B        C        D        E       F      G
               +--------+--------+--------+--------+--------+-----+--------+
         Total |   1781 |   1695 |     86 |    295 |    914 |   3 |  593.7 |
       Dungeon |   1781 |   1695 |     86 |    295 |    914 |   3 |  593.7 |
               +--------+--------+--------+--------+--------+-----+--------+

Top non-repeatable levels by time:
     D:1: 763 daAuts
     D:2: 733 daAuts
     D:3: 284 daAuts
